 Dungeon Crawl Stone Soup version 0.25-a0-341-g6f074c887a (webtiles) character file.

Game seed: 4130053240487717186, levelgen mode: deterministic

2912 night the Stinger (level 9, -8/57 HPs)
             Began as a Gargoyle Venom Mage on Dec 30, 2019.
             Was a Follower of Kikubaaqudgha.
             Killed by the air
             ... invoked by Gastronok
              (24 damage)
             ... on level 8 of the Dungeon.
             The game lasted 00:32:27 (9579 turns).

night the Stinger (Gargoyle Venom Mage)             Turns: 9579, Time: 00:32:27

Health: -8/57      AC: 16    Str: 11    XL:     9   Next: 78%
Magic:  3/18       EV: 12    Int: 20    God:    Kikubaaqudgha [*.....]
Gold:   373        SH:  0    Dex: 10    Spells: 4/21 levels left

rFire    . . .     SeeInvis .   p - +2 short sword (drain)
rCold    . . .     Gourm    .   (no shield)
rNeg     + . .     Faith    +   a - +0 robe
rPois    ∞         Spirit   .   (no helmet)
rElec    +         Reflect  .   (no cloak)
rCorr    .         Harm     .   d - +1 pair of gloves
MR       +....                  (no boots)
Stlth    ++........             N - amulet of faith
HPRegen  0.19/turn              i - ring of protection from magic
MPRegen  0.16/turn              E - +6 ring of protection

@: slowed, very slow
A: negative energy resistance 1, electricity resistance, unbreathing,
petrification resistance, rot immunity, AC +6
a: Receive Corpses, Renounce Religion


You were on level 8 of the Dungeon.
You worshipped Kikubaaqudgha.
Kikubaaqudgha was aware of your devotion.
You were not hungry.

You visited 2 branches of the dungeon, and saw 9 of its levels.

You collected 373 gold pieces.

Inventory:

Hand Weapons
 f - a +0 whip
 p - a +2 short sword of draining (weapon)
 v - a +0 dagger of venom
 J - a +0 shortbow
 S - a +2 short sword of protection
Missiles
 b - 25 poisoned darts (quivered)
 o - 138 arrows
Armour
 a - a +0 robe (worn)
 d - a +1 pair of gloves (worn)
 w - a +0 scale mail
 x - the +2 scale mail of Unreason {rPois MR- rCorr SInv}
   (You found it on level 7 of the Dungeon)

   It protects you from poison.
   It affects your resistance to hostile enchantments.
   It lets you see invisible.
   It provides partial protection from all sources of acid and corrosion.
 B - a +0 leather armour
Jewellery
 i - a ring of protection from magic (left hand)
 s - an uncursed amulet of the gourmand
 E - a +6 ring of protection (right hand)
 H - an uncursed ring of ice
 L - a +2 amulet of reflection
 N - an amulet of faith (around neck)
 Q - the brooch of Shielding {Reflect SH+8}
   (You found it on level 8 of the Dungeon)

   [amulet of reflection]

   It shields you and reflects attacks.
   It affects your SH (+8).
Wands
 q - a wand of acid (22)
 K - a wand of paralysis (18)
 M - a wand of disintegration (13)
 R - a wand of random effects (7)
 T - a wand of enslavement (5)
Scrolls
 h - a scroll of immolation
 k - 2 scrolls of enchant armour
 m - 3 scrolls of fear {unknown}
 n - 6 scrolls of enchant weapon {unknown}
 u - 4 scrolls of magic mapping {unknown}
 y - a scroll of noise {unknown}
 z - a scroll of teleportation {unknown}
 F - a scroll of random uselessness {unknown}
 G - 2 scrolls of remove curse {unknown}
 I - a scroll of fog {unknown}
 P - 2 scrolls of amnesia {unknown}
Potions
 e - 2 potions of resistance
 g - 3 potions of curing
 j - 2 potions of mutation {unknown}
 l - 3 potions of lignification
 r - 3 potions of agility
 t - a potion of heal wounds
 A - 2 potions of might {unknown}
 C - a potion of brilliance {unknown}
 D - a potion of flight {unknown}
 O - a potion of haste
Comestibles
 c - 8 rations
 U - 19 chunks of flesh


   Skills:
 + Level 7.3 Fighting
 - Level 1.5 Dodging
 - Level 2.1 Stealth
 + Level 6.5 Spellcasting
 + Level 4.2 Conjurations
 + Level 3.5 Translocations
 - Level 0.7 Transmutations
 + Level 7.4 Poison Magic


You had 4 spell levels left.
You knew the following spells:

 Your Spells              Type           Power        Failure   Level  Hunger
a - Sting                 Tmut/Pois      ###.         1%          1    None
b - Poisonous Vapours     Pois/Air       ###...       3%          2    None
c - Mephitic Cloud        Conj/Pois/Air  ###.....     6%          3    #......
d - Olgreb's Toxic Radia  Pois           #####...     4%          4    ###....
e - Iskenderun's Mystic   Conj/Tloc      ###.....     21%         4    ###....
f - Ignite Poison         Fire/Tmut/Pois ###.....     10%         3    #......

Your spell library contained the following spells:

 Spells                   Type           Power        Failure   Level  Hunger
 Magic Dart               Conj           ###.         1%          1    None
 Searing Ray              Conj           ###...       2%          2    None
 Shroud of Golubria       Chrm/Tloc      ##....       7%          2    None
 Animate Skeleton         Necr           N/A          10%         1    None
 Infusion                 Chrm           #...         10%         1    None
 Pain                     Necr           #...         10%         1    None
 Dazzling Flash           Conj/Hex       ###...       12%         3    #......
 Corpse Rot               Necr/Air       N/A          16%         2    None
 Song of Slaying          Chrm           #.......     16%         2    None
 Regeneration             Chrm/Necr      #.........   30%         3    #......
 Spectral Weapon          Hex/Chrm       #.......     30%         3    #......
 Vampiric Draining        Necr           #.........   30%         3    #......
 Fulminant Prism          Conj/Hex       ###.......   38%         4    ###....


Dungeon Overview and Level Annotations

Branches:
Dungeon (8/15)             Temple (1/1) D:6
   Lair: D:8-11

Altars:
Ashenzari
Cheibriados
Dithmenos
Elyvilon
Fedhas
Gozag
Hepliaklqana
Kikubaaqudgha
Makhleb
Nemelex Xobeh
Okawaru
Qazlal
Ru
Sif Muna
Trog
Uskayaw
Vehumet
Wu Jian
Xom
Yredelemnul
Zin
The Shining One

Annotations:
D:8 Gastronok


Innate Abilities, Weirdness & Mutations

You are resistant to torment.
Your stone body is resilient. (AC +6)
You are immune to poison.
You resist negative energy. (rN+)
You are resistant to electric shocks. (rElec)
You can survive without breathing.
You are immune to petrification.
You are immune to rotting.


Message History

Gastronok is heavily wounded.
Gastronok bites you!
You hit Gastronok. You drain Gastronok.
Gastronok is severely wounded.
Gastronok barely misses you.
You hit Gastronok. You drain Gastronok.
Gastronok is severely wounded.
You hit Gastronok but do no damage. You drain Gastronok.
Gastronok is severely wounded.
Gastronok waves his eye-stalks in wide circles.
The air twists around and strikes you!!
* * * LOW HITPOINT WARNING * * *
You puncture Gastronok!
Gastronok is severely wounded.
Gastronok looks at you and mumbles some strange words.
You feel yourself slow down.
Gastronok waves his eye-stalks in wide circles.
The air twists around and strikes you!!
You die...
Kikubaaqudgha rasps: "You have failed me!
Welcome... oblivion!"

##.. #..# #..# ....... #..#
#.Z....... ##.# #........w #####
#####..# #.........
>...##########......####.........
................@..w.............
....#########....................
....## ###..................
.....# ##...................
.....# #...........#........
.....# ###..)......##.......
....## ##).......##....... ....#
##)###....###...#### ...## #..#
#....# #####


You could see Gastronok.

Vanquished Creatures
  A hungry ghost (D:7)
  Duvessa (D:7)
  2 orc warriors (D:7)
  2 ice beasts
  A necrophage (D:5)
  2 phantoms
  4 ogres
  A centaur (D:5)
  A big kobold (D:8)
  3 bullfrogs
  A gnoll sergeant (D:8)
  Dowan (D:7)
  2 scorpions
  3 crimson imps
  2 hounds
  5 orc priests
  A gnoll shaman (D:7)
  2 jellies
  An iron imp (D:6)
  4 orc wizards
  2 centaur skeletons (D:5)
  An iguana (D:2)
  5 worker ants
  A killer bee zombie (D:7)
  A worker ant zombie (D:7)
  7 adders
  14 gnolls
  3 oozes
  2 adder skeletons (D:5)
  5 worms
  3 dart slugs
  3 leopard geckos
  28 orcs
  14 bats
  3 giant cockroaches
  4 goblins
  7 hobgoblins
  28 jackals
  14 kobolds
  4 quokkas
  6 frilled lizards
  A giant cockroach zombie (D:5)
  A jackal zombie (D:4)
  A leopard gecko skeleton (D:8)
  A leopard gecko zombie (D:6)
  4 rats
203 creatures vanquished.

Notes
Turn   | Place    | Note
-------+----------+-------------------------------------------
     0 | D:1      | night the Gargoyle Venom Mage began the quest for the Orb.
     0 | D:1      | Reached XP level 1. HP: 10/10 MP: 3/3
   451 | D:1      | Reached XP level 2. HP: 16/16 MP: 1/5
   453 | D:1      | Reached skill level 1 in Fighting
   616 | D:1      | Learned a level 2 spell: Poisonous Vapours
   823 | D:1      | Reached XP level 3. HP: 17/20 MP: 2/6
  1391 | D:2      | Learned a level 3 spell: Mephitic Cloud
  1477 | D:2      | Reached XP level 4. HP: 26/26 MP: 3/8
  2124 | D:2      | Reached XP level 5. HP: 31/31 MP: 6/9
  2130 | D:2      | Learned a level 4 spell: Olgreb's Toxic Radiance
  3243 | D:3      | Reached XP level 6. HP: 37/37 MP: 1/11
  3597 | D:3      | Found a shattered altar of Ashenzari.
  4519 | D:4      | Reached skill level 5 in Poison Magic
  4519 | D:4      | Reached XP level 7. HP: 6/43 MP: 1/13
  5170 | D:5      | Entered Level 5 of the Dungeon
  5503 | D:5      | Reached skill level 5 in Fighting
  5641 | D:5      | Reached skill level 5 in Spellcasting
  5641 | D:5      | Reached XP level 8. HP: 49/50 MP: 15/15
  6112 | D:5      | Learned a level 4 spell: Iskenderun's Mystic Blast
  6507 | D:6      | Reached skill level 1 in Conjurations
  6628 | D:6      | Reached skill level 1 in Translocations
  7032 | D:6      | Found a staircase to the Ecumenical Temple.
  7061 | Temple   | Entered the Ecumenical Temple
  7244 | Temple   | Became a worshipper of Kikubaaqudgha
  7354 | D:6      | Found a snail-covered altar of Cheibriados.
  7443 | D:7      | Got a faintly humming scale mail
  7454 | D:7      | Identified the +2 scale mail of Unreason {rPois MR- rCorr
                  | SInv} (You found it on level 7 of the Dungeon)
  7622 | D:7      | Paralysed by fainting for 5 turns
  7836 | D:7      | Noticed Duvessa
  7836 | D:7      | Noticed Dowan
  7839 | D:7      | Reached XP level 9. HP: 56/56 MP: 12/17
  7852 | D:7      | Killed Duvessa
  7858 | D:7      | Killed Dowan
  8432 | D:7      | Reached * piety under Kikubaaqudgha
  8432 | D:7      | Identified Kikubaaqudgha's Handbook of Stolen Souls
                  | (Kikubaaqudgha gifted it to you on level 7 of the Dungeon)
  8432 | D:7      | Received a gift from Kikubaaqudgha
  8833 | D:7      | Learned a level 3 spell: Ignite Poison
  9222 | D:8      | Found the brooch of Shielding {Reflect SH+8}
  9531 | D:8      | Noticed Gastronok
  9579 | D:8      | Killed from afar by Gastronok

Levels and vault maps discovered:
D:1:      minmay_arrival_floating_metal, layout_basic
D:2:      minmay_recursive_quarters, layout_basic
D:3:      layout_basic, lemuel_doored_altar
D:4:      layout_basic, lemuel_statue_altar
D:5:      layout_loops_ring, first_ration, minmay_splitting_lines
D:6:      layout_basic, minmay_temple_entry_drinking_statues, chei_slow_surprise
D:7:      layout_basic, uniq_duvessa
D:8:      layout_cave_pods, uniq_gastronok
Temple:   minmay_crystal_snake_temple

Skill      XL: |  1  2  3  4  5  6  7  8  9 |
---------------+----------------------------+-----
Fighting       | 1 2 3 4 5 6 7 |  7.3
Spellcasting   | 3 4 5 6 |  6.5
Poison Magic   | 4 5 6 7 |  7.4
Conjurations   | 2 4 |  4.2
Translocations | 2 3 |  3.5
Dodging        | |  1.5
Stealth        | |  2.1
Transmutations | |  0.7

Action                   |  1- 3 |  4- 6 |  7- 9 || total
-------------------------+-------+-------+-------++-------
Melee: Unarmed           |     6 |       |       ||     6
       Whip              |    41 |    52 |       ||    93
       Dagger            |       |    38 |    18 ||    56
       Short sword       |       |    13 |   283 ||   296
 Fire: Shortbow          |       |       |     3 ||     3
 Cast: Sting             |    39 |    90 |    66 ||   195
       Olgreb's Toxic Ra |       |     4 |    19 ||    23
       Poisonous Vapours |       |    24 |    47 ||    71
       Mephitic Cloud    |       |       |     3 ||     3
       Ignite Poison     |       |       |     1 ||     1
Evoke: Wand              |       |       |    10 ||    10
  Use: Scroll            |       |       |    10 ||    10
 Stab: Sleeping          |       |     1 |       ||     1
       Confused          |       |       |     2 ||     2
  Eat: Chunk             |     2 |    12 |    16 ||    30
       Ration            |       |       |     2 ||     2
Armor: Robe              |    22 |    46 |   164 ||   232
Dodge: Dodged            |    51 |    88 |   150 ||   289
Block: Other             |       |       |     1 ||     1

Table legend:
 A = Non-vault XP
 B = Vault XP
 C = Vault XP percentage of total XP
 D = Non-vault monster count
 E = Vault monster count
 F = Vault count percentage of total count
                 A         B        C        D         E       F
            +---------+---------+-------+---------+---------+-------
      Total |    3888 |     272 |   6.5 |     195 |       8 |   3.9
            +---------+---------+-------+---------+---------+-------
        D:1 |      53 |       0 |   0.0 |      25 |       0 |   0.0
        D:2 |     155 |      10 |   6.1 |      40 |       5 |  11.1
        D:3 |     182 |       0 |   0.0 |      26 |       0 |   0.0
        D:4 |     455 |       0 |   0.0 |      22 |       0 |   0.0
        D:5 |     681 |       0 |   0.0 |      22 |       0 |   0.0
        D:6 |     471 |      39 |   7.6 |      13 |       1 |   7.1
        D:7 |    1182 |     223 |  15.9 |      26 |       2 |   7.1
        D:8 |     709 |       0 |   0.0 |      21 |       0 |   0.0
            +---------+---------+-------+---------+---------+-------
